 Dungeon Crawl Stone Soup version 0.26-a0-651-gb41185065b (webtiles) character file.

Game seed: 13018174238186638945

119496 Flugslaktarn the Severer (level 16, -19/159 HPs)
             Began as a Deep Dwarf Fighter on Oct 6, 2020.
             Was the Champion of Makhleb.
             Killed from afar by a nagaraja (52 damage)
             ... with a poison arrow
             ... on level 4 of the Snake Pit.
             The game lasted 00:12:08 (15652 turns).

Flugslaktarn the Severer (Deep Dwarf Fighter)      Turns: 15652, Time: 00:12:09

Health: -19/159    AC: 30    Str: 34    XL:     16   Next: 27%
Magic:  11/11      EV:  9    Int: 17    God:    Makhleb [******]
Gold:   1727       SH: 13    Dex: 12    Spells: 15/15 levels left

rFire    + . .     SeeInvis .   U - +2 broad axe (elec)
rCold    . . .     Faith    .   J - +1 kite shield {AC+3}
rNeg     + . .     Spirit   .   V - +3 plate armour
rPois    x         Reflect  .   o - +0 helmet of Immamnyf {Str+4 Int+5}
rElec    +         Harm     .   p - +0 cloak
rCorr    .         Rampage  .   y - +1 pair of gloves
MR       ++...                  u - +2 pair of boots
Stlth    ..........             e - amulet of the acrobat
HPRegen  0.00/turn              T - ring "Sosinodirgh" {rElec rF+ Str+6}
MPRegen  0.12/turn              j - +4 ring of slaying

@: lethally poisoned (-19 -> -84), poison vulnerable, non-regenerating,
constricted
A: damage resistance, heal wounds, negative energy resistance 1, sense
surroundings 2, no regeneration
a: Heal Wounds, Minor Destruction, Lesser Servant of Makhleb, Major Destruction,
Greater Servant of Makhleb, Renounce Religion


You were on level 4 of the Snake Pit.
You worshipped Makhleb.
Makhleb was exalted by your worship.
You visited 5 branches of the dungeon, and saw 26 of its levels.
You also visited: Sewer.

You collected 2280 gold pieces.
You spent 553 gold pieces at shops.

Inventory:

Hand Weapons
 U - a +2 broad axe of electrocution (weapon)
   (You bought it in a shop on level 2 of the Orcish Mines)
Missiles
 D - 2 throwing nets (quivered)
Armour
 o - the +0 helmet of Immamnyf (worn) {Str+4 Int+5}
   (You found it on level 4 of the Dungeon)

   It affects your strength (+4).
   It affects your intelligence (+5).
 p - a +0 cloak (worn)
   (You found it on level 4 of the Dungeon)
 u - a +2 pair of boots (worn)
   (You found it on level 6 of the Dungeon)
 y - a +1 pair of gloves (worn)
   (You found it on level 6 of the Dungeon)
 J - a +1 kite shield of protection (worn)
   (You took it off a tengu warrior on level 13 of the Dungeon)
 V - a +3 plate armour (worn)
   (You took it off an orc knight on level 2 of the Orcish Mines)
Jewellery
 e - an amulet of the acrobat (around neck)
   (You found it on level 4 of the Dungeon)
 j - a +4 ring of slaying (right hand)
   (You found it on level 1 of the Lair of Beasts)
 m - an uncursed ring of protection from magic
   (You found it on level 5 of the Dungeon)
 T - the ring "Sosinodirgh" (left hand) {rElec rF+ Str+6}
   (You found it on level 3 of the Lair of Beasts)

   [ring of strength]

   It affects your strength (+6).
   It protects you from fire.
   It insulates you from electricity.
Wands
 c - a wand of enslavement (3)
   (You took it off Maurice on level 12 of the Dungeon)
 k - a wand of digging (7)
   (You found it on level 4 of the Dungeon)
 C - a wand of iceblast (29)
   (You found it on level 8 of the Dungeon)
 H - a wand of acid (6)
   (You found it on level 12 of the Dungeon)
 M - a wand of paralysis (14)
   (You found it on level 2 of the Lair of Beasts)
Scrolls
 b - 8 scrolls of immolation
 l - a scroll of magic mapping
 t - 7 scrolls of teleportation
 x - 8 scrolls of remove curse
 z - 2 scrolls of blinking
 B - a scroll of holy word
 E - 4 scrolls of fear
 N - 4 scrolls of fog
 S - a scroll of summoning
Potions
 d - 6 potions of might
 g - 2 potions of mutation
 h - a potion of haste
 n - 2 potions of resistance
 q - 2 potions of curing
 v - 2 potions of magic
 w - 5 potions of heal wounds
 A - a potion of berserk rage
 K - 4 potions of flight
 L - a potion of cancellation {unknown}
 P - 2 potions of ambrosia
 Q - a potion of lignification {unknown}
Miscellaneous
 F - a condenser vane (1/2)
   (You bought it in a shop on level 8 of the Dungeon)


   Skills:
 * Level 14.2 Fighting
 * Level 16.3 Axes
 + Level 12.3 Armour
 + Level 10.7 Dodging
 + Level 8.4 Shields
 + Level 12.5 Invocations
 - Level 10.0 Evocations


You had 15 spell levels left.
You didn't know any spells.
Your spell library was empty.

Dungeon Overview and Level Annotations

Branches:
Dungeon (15/15)            Temple (1/1) D:5            Lair (4/6) D:10
  Swamp (0/4) Lair:3        Snake (4/4) Lair:3          Orc (2/2) D:11
    Elf (0/3) Orc:2        Vaults (0/5) D:13         Depths (0/5) D:15
  Sewer (visited)

Altars:
Ashenzari
Cheibriados
Dithmenos
Elyvilon
Fedhas
Gozag
Hepliaklqana
Kikubaaqudgha
Makhleb
Nemelex Xobeh
Okawaru
Qazlal
Ru
Sif Muna
Trog
Uskayaw
Vehumet
Wu Jian
Xom
Yredelemnul
Zin
The Shining One
Beogh

Shops:
D:8 }   D:9 }   D:10 ?   D:11 *   D:15 *   Orc:2 ([*:

Portals:
Trove: D:10 (give 6 scrolls of blinking)

Annotations:
D:6 exclusion: door


Innate Abilities, Weirdness & Mutations

You are resistant to damage.
You can heal yourself by infusing magical energy.
You resist negative energy. (rN+)
You passively map the area around you.
You do not regenerate.


Message History

You hear a shout!
You feel much better.
You feel very sick.
The nagaraja hits you but does no damage.
The nagaraja constricts you.
Your blizzard demon hits the nagaraja!
Your blizzard demon closely misses the nagaraja.
You slice the nagaraja!!
The nagaraja is severely wounded.
You feel sick. The nagaraja casts a spell at you. The poison arrow hits you!!!
You are more poisoned.
* * * LOW HITPOINT WARNING * * *
The nagaraja constricts you.
A nagaraja comes into view. It is wielding a +0 flail.
A naga ritualist comes into view. It is wielding a +1 scimitar of venom.
The nagaraja gestures at you while chanting.
The poison arrow hits you!!!
You are more poisoned.
You die...

##....# *,, .)#.#...⌠.... * *
#.....# N#........#..* ,
##....# * ,,, #........N... ,,
.#....# , #..#)...N#....# ,,,
##....# , #.)...........#,,
#.....# ** #.))))........# ,
#)....# #..[)N........ **
())...############N§.##...###
().......(....()@N§☼N........
.)............).2))..).......
+##..............####........,
,
..#..............#..#........
,
.'#.............##..'#....###
, ##..............#....#..###,
................#'#.##..# ,,,*
..................###...#, *
....###.................#*,


You could see 2 nagarajas, a naga ritualist, 3 naga magi and a friendly blizzard
demon (summoned).

Vanquished Creatures
  Vashnia (Snake:4)
  Frances (D:14)
  Kirke (D:13)
  5 nagarajas
  A fire giant (D:15)
  An orc warlord (Orc:1)
  A stone giant (Orc:1)
  Snorg (Lair:4)
  Josephine (Orc:1)
  9 naga warriors
  5 hydras
  8 anacondas
  7 two-headed ogres
  2 centaur warriors
  An ogre mage (D:13)
  4 tengu warriors
  13 naga sharpshooters
  2 orc high priests (Orc:2)
  7 shock serpents
  A deep elf knight (D:13)
  Nergalle (Lair:1)
  2 unseen horrors
  10 naga ritualists
  Pikel (D:9)
  3 orc knights
  4 mana vipers
  5 ugly things
  4 orc sorcerers (Orc:2)
  2 deep elf magi
  A salamander (Snake:2)
  4 manticores
  14 slime creatures
  11 naga magi
  5 elephants (Lair:4)
  17 black mambas
  3 guardian serpents
  5 cane toads
  Maurice (D:12)
  Joseph (D:8)
  2 kobold demonologists (D:13)
  4 gargoyles
  A rime drake (Lair:3)
  6 yaktaurs (D:14)
  3 komodo dragons
  A tengu conjurer (D:15)
  3 meliai (D:15)
  5 trolls
  3 blink frogs (Lair:2)
  3 hornets
  6 hippogriffs
  4 shadows
  A fire elemental (D:15)
  3 wyverns
  A water elemental (D:14)
  8 wraiths
  7 yaks
  6 hogs (D:13)
  Grum (D:10)
  4 vampire mosquitoes (D:13)
  2 steam dragons
  2 basilisks
  7 wargs
  29 nagas
  2 insubstantial wisps (D:11)
  3 water moccasins
  23 orc warriors
  6 sky beasts
  5 ice beasts
  6 porcupines
  Purgy (Sewer)
  A necrophage (D:7)
  2 phantoms
  A black bear (D:8)
  11 ogres
  9 wolves
  A boggart (D:13)
  12 centaurs
  7 crocodiles
  3 big kobolds (D:13)
  11 bullfrogs
  7 scorpions
  9 killer bees
  28 wights
  5 electric eels
  5 howler monkeys
  2 bullfrog zombies (D:12)
  7 hounds
  A quasit (D:4)
  4 centaur zombies
  10 orc priests
  4 bullfrog skeletons
  6 jellies
  4 centaur skeletons
  4 iguanas
  17 orc wizards
  8 worker ants
  3 hound skeletons
  A worker ant zombie (D:9)
  6 adders
  10 gnolls (D:14)
  2 river rats (D:6)
  2 shadow imps
  10 white imps
  3 ufetubi
  An adder zombie (D:9)
  3 adder skeletons
  3 worms
  3 leopard geckos
  69 orcs
  3 bats (D:3)
  7 giant cockroaches
  5 goblins
  A hobgoblin (D:3)
  6 jackals
  3 ball pythons
  A ball python skeleton (D:4)
  A frilled lizard (D:4)
  A jackal skeleton (D:5)
  7 kobolds
  A leopard gecko zombie (D:5)
  4 rats
659 creatures vanquished.

Vanquished Creatures (collateral kills)
  A hydra (Lair:1)
  A naga sharpshooter (Snake:4)
  A mana viper (Snake:4)
  A black mamba (Snake:4)
4 creatures vanquished.

Vanquished Creatures (others)
  A quokka (D:9)
  17 fungi
  3 plants
21 creatures vanquished.

Grand Total: 684 creatures vanquished

Notes
Turn   | Place    | Note
-------+----------+-------------------------------------------
     0 | D:1      | Flugslaktarn the Deep Dwarf Fighter began the quest for the
                  | Orb.
     0 | D:1      | Reached XP level 1. HP: 20/20 MP: 1/1
   215 | D:3      | Found a sacrificial altar of Ru.
   233 | D:3      | Reached XP level 2. HP: 18/27 MP: 2/2
   419 | D:4      | Reached skill level 3 in Axes
   419 | D:4      | Reached XP level 3. HP: 29/34 MP: 2/2
   474 | D:4      | Reached XP level 4. HP: 29/42 MP: 3/3
   529 | D:4      | Reached XP level 5. HP: 20/50 MP: 4/4
   541 | D:4      | Noticed an ogre
   555 | D:4      | Killed an ogre
   555 | D:4      | Reached skill level 4 in Axes
   594 | D:4      | Got a bloodstained helmet
   609 | D:4      | Identified the cursed +0 helmet of Immamnyf {Str+4 Int+5}
                  | (You found it on level 4 of the Dungeon)
   628 | D:4      | Reached XP level 6. HP: 38/57 MP: 5/5
   912 | D:4      | Found a bloodstained altar of Trog.
  1225 | D:5      | Entered Level 5 of the Dungeon
  1283 | D:5      | Reached skill level 5 in Axes
  1329 | D:5      | Reached XP level 7. HP: 58/66 MP: 5/5
  1354 | D:5      | Found a staircase to the Ecumenical Temple.
  1365 | Temple   | Entered the Ecumenical Temple
  1485 | D:5      | Reached skill level 5 in Fighting
  1827 | D:6      | Found a glowing drain.
  1831 | D:6      | Reached skill level 5 in Shields
  1847 | Sewer    | Entered a sewer
  1900 | Sewer    | Noticed Purgy
  1910 | Sewer    | Killed Purgy
  1910 | Sewer    | Reached skill level 5 in Armour
  2043 | D:6      | Reached skill level 6 in Axes
  2061 | D:6      | Reached XP level 8. HP: 43/75 MP: 6/6
  2753 | D:6      | Found a shimmering blue altar of Sif Muna.
  2959 | D:7      | Found an ornate altar of the Wu Jian Council.
  3022 | D:7      | Noticed a hippogriff
  3034 | D:7      | Reached skill level 7 in Axes
  3037 | D:7      | Killed a hippogriff
  3086 | D:7      | Gained mutation: You passively map the area around you.
                  | [Deep Dwarf growth]
  3086 | D:7      | Reached XP level 9. HP: 49/85 MP: 6/6
  3111 | D:7      | Reached skill level 8 in Axes
  3231 | D:7      | Found a basalt altar of Yredelemnul.
  3305 | D:7      | Found a burning altar of Makhleb.
  3380 | D:7      | Became a worshipper of Makhleb the Destroyer
  3583 | D:8      | Reached skill level 1 in Dodging
  3620 | D:8      | Reached skill level 1 in Evocations
  3643 | D:8      | Reached skill level 1 in Invocations
  3681 | D:8      | Noticed Joseph
  3698 | D:8      | Killed Joseph
  3886 | D:8      | Found Mireygg's Gadget Boutique.
  3898 | D:8      | Bought a condenser vane (2/2) for 280 gold pieces
  4094 | D:9      | Found a radiant altar of Vehumet.
  4341 | D:9      | Reached skill level 9 in Axes
  4351 | D:9      | Reached XP level 10. HP: 44/96 MP: 7/9
  4352 | D:9      | Reached * piety under Makhleb
  4447 | D:9      | Found Iriac's Gadget Shop.
  4448 | D:9      | Noticed Pikel
  4456 | D:9      | Killed Pikel
  4756 | D:9      | Found a broken altar of Ashenzari.
  4966 | D:10     | Entered Level 10 of the Dungeon
  4983 | D:10     | Noticed a manticore
  4992 | D:10     | Killed a manticore
  4992 | D:10     | Reached skill level 10 in Axes
  4996 | D:10     | Paralysed by a hornet for 1 turns
  5113 | D:10     | Noticed a two-headed ogre
  5113 | D:10     | Noticed a two-headed ogre
  5114 | D:10     | Noticed Grum
  5129 | D:10     | Reached ** piety under Makhleb
  5130 | D:10     | Killed a two-headed ogre
  5130 | D:10     | Reached skill level 5 in Invocations
  5134 | D:10     | Killed a two-headed ogre
  5134 | D:10     | Reached skill level 5 in Evocations
  5134 | D:10     | Reached XP level 11. HP: 92/106 MP: 10/10
  5135 | D:10     | Killed Grum
  5160 | D:10     | Noticed a two-headed ogre
  5166 | D:10     | Killed a two-headed ogre
  5257 | D:10     | Found a portal to a secret trove of treasure.
  5336 | D:10     | Found a staircase to the Lair.
  5374 | D:10     | Found Xozucvopp's Magic Scroll Boutique.
  5392 | D:10     | Reached skill level 5 in Dodging
  5623 | D:11     | Found Aluduc's Assorted Antiques.
  5624 | D:11     | Noticed a seven-headed hydra
  5638 | D:11     | Killed a seven-headed hydra
  5638 | D:11     | Reached skill level 11 in Axes
  5648 | D:11     | Noticed a white ugly thing
  5675 | D:11     | Killed a white ugly thing
  5703 | D:11     | Reached *** piety under Makhleb
  5942 | D:11     | Found a staircase to the Orcish Mines.
  6319 | D:12     | Noticed a deep elf mage
  6334 | D:12     | Killed a deep elf mage
  6534 | D:12     | Reached skill level 10 in Fighting
  6640 | D:12     | Noticed Maurice
  6652 | D:12     | Killed Maurice
  6652 | D:12     | Reached **** piety under Makhleb
  7039 | D:12     | Reached XP level 12. HP: 112/116 MP: 12/12
  7103 | D:13     | Noticed a tengu warrior
  7130 | D:13     | Killed a tengu warrior
  7165 | D:13     | Noticed a two-headed ogre
  7175 | D:13     | Killed a two-headed ogre
  7210 | D:13     | Noticed a centaur warrior
  7225 | D:13     | Killed a centaur warrior
  7225 | D:13     | Reached skill level 12 in Axes
  7236 | D:13     | Noticed an ogre mage
  7244 | D:13     | Killed an ogre mage
  7245 | D:13     | Reached ***** piety under Makhleb
  7471 | D:13     | Found a sparkling altar of Nemelex Xobeh.
  7506 | D:13     | Noticed a tengu warrior
  7521 | D:13     | Killed a tengu warrior
  7592 | D:13     | Noticed Kirke
  7616 | D:13     | Killed Kirke
  7884 | D:13     | Reached XP level 13. HP: 83/127 MP: 14/14
  8047 | D:13     | Found a gate to the Vaults.
  8486 | D:14     | Reached skill level 13 in Axes
  8726 | D:14     | Noticed Frances
  8741 | D:14     | Killed Frances
  8741 | D:14     | Reached skill level 10 in Armour
  9185 | D:15     | Entered Level 15 of the Dungeon
  9680 | D:15     | Found Heoweemo's General Store.
  9880 | D:15     | Noticed a fire giant
  9881 | D:15     | Found a staircase to the Depths.
  9890 | D:15     | Killed a fire giant
 10219 | Lair:1   | Entered Level 1 of the Lair of Beasts
 10410 | Lair:1   | Noticed Nergalle
 10424 | Lair:1   | Killed Nergalle
 10426 | Lair:1   | Gained mutation: You resist negative energy. (rN+) [Deep
                  | Dwarf growth]
 10426 | Lair:1   | Reached XP level 14. HP: 73/138 MP: 12/12
 10992 | Lair:1   | Gained mutation: You tend to lose your temper in combat.
                  | [potion of mutation]
 10992 | Lair:1   | Lost mutation: You tend to lose your temper in combat.
                  | [potion of mutation]
 11099 | Lair:2   | Reached skill level 10 in Invocations
 11270 | Lair:2   | Reached skill level 14 in Axes
 11325 | Lair:2   | Reached skill level 10 in Evocations
 11932 | Lair:3   | Found a staircase to the Snake Pit.
 12212 | Lair:3   | Got a shimmering bone ring
 12308 | Lair:3   | Found a staircase to the Swamp.
 12325 | Lair:3   | Got a transparent bone ring
 12367 | Lair:3   | Identified the ring "Sosinodirgh" {rElec rF+ Str+6} (You
                  | found it on level 3 of the Lair of Beasts)
 12368 | Lair:3   | Identified the ring of Cigoroc {+Fly rF+} (You found it on
                  | level 3 of the Lair of Beasts)
 12739 | Lair:4   | Noticed Snorg
 12754 | Lair:4   | Killed Snorg
 12870 | Lair:4   | Reached ****** piety under Makhleb
 13034 | Orc:1    | Entered Level 1 of the Orcish Mines
 13139 | Orc:2    | Entered Level 2 of the Orcish Mines
 13170 | Orc:2    | Noticed an orc warlord
 13221 | Orc:1    | Killed an orc warlord
 13248 | Orc:2    | Found Uxzud's Book Emporium.
 13278 | Orc:2    | Found a staircase to the Elven Halls.
 13385 | Orc:2    | Found Ecresm's General Store.
 13441 | Orc:2    | Paralysed by an orc sorcerer for 7 turns
 13455 | Orc:1    | Noticed a stone giant
 13476 | Orc:1    | Killed a stone giant
 13519 | Orc:1    | Found a runed translucent door.
 13553 | Orc:1    | Noticed Josephine
 13561 | Orc:1    | Killed Josephine
 13827 | Orc:1    | Found a roughly hewn altar of Beogh.
 14052 | Orc:2    | Found Unuurun's Antique Armour Boutique.
 14075 | Orc:2    | Found Feemea's Antique Weapon Shoppe.
 14083 | Orc:2    | Bought a runed broad axe for 273 gold pieces
 14461 | Snake:1  | Entered Level 1 of the Snake Pit
 14531 | Snake:1  | Reached skill level 15 in Axes
 14559 | Snake:2  | Reached XP level 15. HP: 147/147 MP: 10/10
 14921 | Snake:3  | Noticed a nagaraja
 14932 | Snake:3  | Killed a nagaraja
 14989 | Snake:4  | Entered Level 4 of the Snake Pit
 15059 | Snake:4  | Reached skill level 10 in Dodging
 15175 | Snake:4  | Noticed Vashnia
 15195 | Snake:4  | Killed Vashnia
 15554 | Snake:4  | Noticed a nagaraja
 15557 | Snake:4  | Noticed a nagaraja
 15561 | Snake:4  | Reached skill level 16 in Axes
 15569 | Snake:4  | Killed a nagaraja
 15569 | Snake:4  | Reached XP level 16. HP: 143/158 MP: 11/11
 15652 | Snake:4  | Killed from afar by a nagaraja

Illustrated notes

Levels and vault maps discovered:
D:1:      minmay_arrival_nine_rooms, layout_loops_corners, serial_bayou_lake_a
D:2:      layout_loops_ring, moated_statue
D:3:      layout_loops_cross, nicolae_overflow_hidden_temple
D:4:      layout_basic, lemuel_doored_altar, serial_forest,
          infiniplex_forest_lined_2, infiniplex_forest_lined_corner,
          infiniplex_forest_straight_3, infiniplex_forest_corner_1,
          infiniplex_forest_lined_3_way, infiniplex_forest_zigzag_1,
          infiniplex_forest_corner_1, infiniplex_forest_lined_3_way,
          infiniplex_forest_clump_double
D:5:      layout_basic, minmay_temple_entry_trees, chequers_serial_rivers_marsh,
          grunt_decor_arrowhead
D:6:      layout_loops_corners, led_sif_book, portal_sewer_entry_a
D:7:      layout_rooms, old_standard_altar, kennysheep_mini_moat,
          makhleb_blood_cavern_becter, chequers_serial_rivers_room_b,
          minmay_fractal_squares_gapless_5
D:8:      layout_cave_pools, serial_shops, shop_fountains, hex_tiny, uniq_joseph
D:9:      layout_cave_pods, nicolae_ashenzari_panopticon, serial_shops, shop,
          basic_altar, uniq_pikel
D:10:     layout_cave_pools, erik_lair_orcish_takeover,
          nicolae_trove_entry_crystal, serial_shops, shop_statue, uniq_grum
D:11:     layout_basic, minmay_orc_entry_guard_dogs, serial_shops,
          nicolae_shop_stone, hangedman_misty_isle
D:12:     layout_cave_pods, uniq_maurice
D:13:     layout_layer_cave, hangedman_vaults_entry_quadrant_bands,
          nemelex_xobeh_ov_fountains_minmay, uniq_kirke
D:14:     fort_yaktaur, layout_loops_cross, minivault_19, uniq_frances
D:15:     grunt_enter_depths_giant_problem, layout_loops_ring, serial_shops,
          nicolae_shop_stone, nicolae_lava_and_water, hangedman_decor_points
Temple:   minmay_freezing_vapour_temple
Lair:1:   layout_regular_city, uniq_nergalle
Lair:2:   layout_chaotic_city, grunt_megastairs_2, serial_bayou_shore_a
Lair:3:   cheibrodos_lair_river_kwai, layout_chaotic_city,
          minmay_swamp_entry_eels, guppyfry_snake_entry_island, st_stairs_6,
          chequers_serial_rivers_room_b, lemuel_fruit_tree
Lair:4:   layout_regular_city, serial_bayou_shore_b, grunt_megastairs_4,
          lemuel_fruit_fields, uniq_snorg
Snake:1:  layout_basic
Snake:2:  layout_onion_interference, nicolae_snake_salamander_stairs
Snake:3:  layout_cave_town
Snake:4:  snake_pit, layout_cave_town, uniq_vashnia
Orc:1:    layout_caves, enter_bailey_3, lightli_church_of_beogh, uniq_josephine
Orc:2:    grunt_orc_gardens, layout_diamond_mine, grunt_orc_garden,
          grunt_orc_garden, grunt_orc_garden, grunt_orc_garden

Skill      XL: |  1  2  3  4  5  6  7  8  9 10 11 12 13 14 15 16 |
---------------+-------------------------------------------------+-----
Fighting       | 3 4 5 6 8 9 10 11 12 13 14 | 14.2
Axes           | 3 4 5 6 7 9 10 11 12 13 15 16 | 16.3
Shields        | 4 5 6 8 |  8.4
Armour         | 4 5 6 7 8 9 10 11 12 | 12.3
Dodging        | 2 4 5 7 8 9 10 | 10.7
Evocations     | 2 5 6 8 9 10 | 10.0
Invocations    | 3 5 6 8 9 11 12 | 12.5

Action                   |  1- 3 |  4- 6 |  7- 9 | 10-12 | 13-15 | 16-18 || total
-------------------------+-------+-------+-------+-------+-------+-------++-------
Melee: War axe           |    84 |    90 |   252 |       |       |       ||   426
       Battleaxe         |       |       |    77 |   515 |   645 |       ||  1237
       Broad axe         |       |       |       |       |   269 |    47 ||   316
Invok: Lesser Servant of |       |       |       |       |     4 |       ||     4
       Greater Servant o |       |       |       |       |     3 |     1 ||     4
 Abil: Heal Wounds       |     1 |     3 |     8 |    16 |    37 |     3 ||    68
Evoke: Condenser vane    |       |       |       |     3 |     3 |     1 ||     7
       Wand              |       |       |       |     2 |       |       ||     2
  Use: Scroll            |       |     9 |     5 |     5 |    14 |       ||    33
       Potion            |       |       |       |       |     3 |     2 ||     5
 Stab: Distracted        |       |       |       |       |     1 |       ||     1
Armor: Scale mail        |    62 |    21 |       |       |       |       ||    83
       Plate armour      |       |    14 |   280 |   445 |   598 |    27 ||  1364
Dodge: Dodged            |    39 |    28 |   101 |   373 |   700 |    25 ||  1266
Block: Kite shield       |    59 |    48 |   185 |       |   209 |    43 ||   544

Table legend: (Time is in decaauts)
 A = Elapsed time spent in this place.
 B = Non-inter-level travel time spent in this place.
 C = Inter-level travel time spent in this place.
 D = Time resting spent in this place.
 E = Time spent auto-exploring this place.
 F = Levels seen in this place.
 G = Mean time per level.
                   A        B        C        D        E       F      G
               +--------+--------+--------+--------+--------+-----+--------+
         Total |  15928 |  14790 |   1138 |    315 |  10480 |  27 |  589.9 |
       Dungeon |  10493 |   9794 |    699 |    208 |   6893 |  15 |  699.5 |
        Temple |     16 |     12 |      4 |      0 |     11 |   1 |   16.0 |
          Lair |   2821 |   2563 |    258 |    107 |   2072 |   4 |  705.2 |
     Snake Pit |   1152 |   1133 |     19 |      0 |    663 |   4 |  288.0 |
  Orcish Mines |   1327 |   1171 |    156 |      0 |    772 |   2 |  663.5 |
         Sewer |    116 |    116 |      0 |      0 |     68 |   1 |  116.0 |
               +--------+--------+--------+--------+--------+-----+--------+

Top non-repeatable levels by time:
    D:13: 1303 daAuts
     D:6: 1070 daAuts
  Lair:3: 953 daAuts
    D:15: 915 daAuts
     D:9: 901 daAuts
     D:4: 886 daAuts
  Lair:1: 877 daAuts
    D:12: 869 daAuts
    D:11: 848 daAuts
    D:14: 830 daAuts
  Lair:2: 823 daAuts
     D:7: 716 daAuts
   Orc:2: 710 daAuts
    D:10: 699 daAuts
 Snake:4: 640 daAuts
